 Dungeon Crawl Stone Soup version 0.17-a0-1399-gd5b76e1 (webtiles) character file.

927 urechis the Fighter (level 8, -4/55 HPs)
             Began as a Gargoyle Fighter on June 18, 2015.
             Slain by an ogre
             ... wielding a +0 giant club
              (12 damage)
             ... on level 5 of the Dungeon.
             The game lasted 00:10:45 (4373 turns).

urechis the Fighter (Gargoyle Fighter)              Turns: 4373, Time: 00:10:45

Health: -4/55      AC: 12    Str: 20    XL:     8   Next: 10%
Magic:  8/8        EV:  7    Int:  9    God:
Gold:   178        SH:  9    Dex: 11    Spells: 0 memorised, 7 levels left

rFire  . . .     SeeInvis .     a - +0 flail
rCold  . . .     Clarity  .     b - +0 scale mail
rNeg   + . .     SustAt   +     c - +0 shield
rPois  ∞         Gourm    .     (no helmet)
rElec  +         Spirit   .     (no cloak)
rCorr  .         Warding  .     (no gloves)
rMut   .         Stasis   .     (no boots)
MR     .....                    (no amulet)
Stlth  ..........               (no ring)
                                r - ring of sustain attributes

@: not resistant to hostile enchantments, extremely unstealthy
A: negative energy resistance 1, electricity resistance, unbreathing,
petrification resistance, rot immunity, AC +5
a: no special abilities


You were on level 5 of the Dungeon.
You were not hungry.

You visited 2 branches of the dungeon, and saw 6 of its levels.

You collected 178 gold pieces.

Inventory:

Hand weapons
 a - a +0 flail (weapon)
Armour
 b - a +0 scale mail (worn)
 c - a +0 shield (worn)
Jewellery
 r - a ring of sustain attributes (left hand)
Scrolls
 l - 2 scrolls of teleportation
 m - 2 scrolls of enchant weapon {unknown}
 n - 2 scrolls of amnesia {unknown}
 q - a scroll of random uselessness {unknown}
 t - 2 scrolls of fear {unknown}
 u - 5 scrolls of remove curse
 w - a scroll of enchant armour {unknown}
 x - 2 scrolls of identify
 y - a scroll of recharging {unknown}
 A - a scroll of immolation {unknown}
Potions
 d - a potion of might
 g - a potion of mutation {unknown}
 h - 2 potions of magic
 k - 2 potions of heal wounds
 o - 2 potions of curing {unknown}
 p - 2 potions of haste
 s - 2 potions of agility {unknown}
 v - 2 potions of lignification {unknown}
 B - a potion of poison {unknown}
 C - a potion of resistance {unknown}
Comestibles
 e - 2 bread rations
 f - 2 beef jerkies
 i - 9 fruits
 j - 3 meat rations


   Skills:
 * Level 8.6 Fighting
 + Level 5.6 Maces & Flails
 - Level 3.2 Armour
 - Level 3.2 Shields


You had 7 spell levels left.
You didn't know any spells.

Dungeon Overview and Level Annotations

Branches:
Dungeon (5/15)             Temple (1/1) D:4

Altars:
Ashenzari
Cheibriados
Gozag
Kikubaaqudgha
Okawaru
Qazlal
Ru
Sif Muna
Yredelemnul
Zin
The Shining One
Lugonu

Shops:
D:4 =


Innate Abilities, Weirdness & Mutations

You are resistant to torment.
Your stone body is resilient (AC +5).
You are immune to poison.
You resist negative energy.
You are resistant to electric shocks.
You can survive without breathing.
You are immune to petrification.
You are immune to rotting.


Message History

You are too injured to fight recklessly!
You are too injured to fight recklessly!
You are too injured to fight recklessly!
You are too injured to fight recklessly!
You are too injured to fight recklessly!
You are too injured to fight recklessly!
You are too injured to fight recklessly!
You are too injured to fight recklessly!
You are too injured to fight recklessly!
You are too injured to fight recklessly!
You are too injured to fight recklessly!
You are too injured to fight recklessly!
You are too injured to fight recklessly!
You are too injured to fight recklessly!
You are too injured to fight recklessly!
You hit the ogre but do no damage.
The ogre is severely wounded.
The hobgoblin hits you but does no damage.
The ogre hits you with a giant club!
You die...

#..##.....
#........
#.......
#...... #.....
#..l. #.Og#
#.@# #..#
######## #..#
.......## #..#
[.......# #..#
........##
#..#
...####..##
#..# ...#
##..### #..##
...#
##...###...###


You could see an ogre, a hobgoblin and a giant newt.

Vanquished Creatures
  Sigmund (D:2)
  A phantom (D:4)
  An ogre (D:5)
  A scorpion (D:4)
  2 hounds (D:4)
  2 worker ants
  Ijyb (D:2)
  2 orc priests (D:4)
  3 orc wizards (D:4)
  4 gnolls (D:5)
  7 adders
  3 oozes
  5 worms
  5 giant geckos
  12 orcs
  A bat skeleton (D:4)
  A giant cockroach (D:1)
  13 hobgoblins
  6 jackals (D:3)
  4 quokkas
  A ball python (D:3)
  13 bats
  A giant gecko skeleton (D:4)
  6 giant newts
  11 goblins
  14 kobolds
  14 rats
135 creatures vanquished.

Vanquished Creatures (others)
  A hound (D:3)
1 creature vanquished.

Grand Total: 136 creatures vanquished

Notes
Turn   | Place    | Note
--------------------------------------------------------------
     0 | D:1      | urechis the Gargoyle Fighter began the quest for the Orb.
     0 | D:1      | Reached XP level 1. HP: 14/14 MP: 1/1
   203 | D:1      | Reached XP level 2. HP: 19/19 MP: 2/2
   849 | D:2      | Reached skill level 4 in Fighting
   983 | D:2      | Reached XP level 3. HP: 19/24 MP: 3/3
  1280 | D:2      | Noticed Sigmund
  1295 | D:2      | Killed Sigmund
  1295 | D:2      | Reached skill level 5 in Fighting
  1295 | D:2      | Reached XP level 4. HP: 8/32 MP: 4/4
  1295 | D:2      | Reached XP level 5. HP: 9/36 MP: 5/5
  1780 | D:2      | Reached XP level 6. HP: 36/41 MP: 6/6
  1790 | D:2      | Reached skill level 6 in Fighting
  1881 | D:2      | Noticed Ijyb
  1891 | D:2      | Killed Ijyb
  2140 | D:3      | Found an iron altar of Okawaru.
  2372 | D:3      | Found a glowing golden altar of the Shining One.
  2391 | D:3      | Found a basalt altar of Yredelemnul.
  2738 | D:3      | Noticed an angel
  2758 | D:4      | Found an ancient bone altar of Kikubaaqudgha.
  2884 | D:4      | Reached skill level 7 in Fighting
  2944 | D:4      | Reached XP level 7. HP: 17/48 MP: 7/7
  3353 | D:4      | Reached skill level 5 in Maces & Flails
  3566 | D:4      | Reached skill level 8 in Fighting
  3617 | D:4      | Found a staircase to the Ecumenical Temple.
  3622 | Temple   | Entered the Ecumenical Temple
  3718 | D:4      | Found Uragaukh's Jewellery Emporium.
  3823 | D:5      | Entered Level 5 of the Dungeon
  3848 | D:5      | Found a stormy altar of Qazlal.
  3869 | D:5      | Reached XP level 8. HP: 53/55 MP: 8/8
  4373 | D:5      | Slain by an ogre

Vault maps used:
D:1:      scummos_arrival_forest, serial_bayou_ford_a, st_stairs_6
D:2:      uniq_sigmund, uniq_iyjb
D:3:      grunt_temple_overflow_holy_war, okawaru_gym_becter, grunt_ministairs_6
D:4:      kiku_gazebo_pond_becter, temple_doors_a, first_bread, serial_shops,
          kennysheep_mini, minmay_box_of_dots
D:5:      vehumet_crystals, grunt_qazlal_clouds
Temple:   corrupted_temple

Action                   |  1- 3 |  4- 6 |  7- 9 || total
-------------------------+-------+-------+-------++-------
Melee: Flail             |   133 |   201 |   187 ||   521
  Use: Scroll            |     2 |     4 |       ||     6
  Eat: Chunk             |     1 |     5 |     5 ||    11
       Fruit             |       |     1 |       ||     1
